Map: Backwater LE

Players

Hurricane

  • Race: Protoss Protoss
  • Spawn Location: 11:00

Rogue - Winner!

  • Race: Zerg Zerg
  • Spawn Location: 5:00

Event: IEM Season 12 - Katowice

VOD

https://www.youtube.com/watch?v=xe__KgIKxAQ

Description

Time

  • Played on: March 3, 2018, 9:07 a.m.
  • Length: 7:29

All games in this series

Show
View Real Time Build Order
Export as new Build Order

Hurricane Protoss 

Build Orders: 1 Gate Expand, Phoenix Opening 

Get SALT Encoding   

  12  0:00  Probe  
  13  0:12  Probe  
  14  0:17  Pylon  
  14  0:25  Probe (Chrono Boost)  
  15  0:37  Probe (Chrono Boost)  
  15  0:39  Gateway  
  16  0:45  Probe (Chrono Boost)  
  16  0:49  Assimilator  
  17  0:51  Probe  
  18  1:03  Probe  
  19  1:15  Probe  
  20  1:26  Nexus  
  20  1:36  Cybernetics Core  
  20  1:40  Probe  
  20  1:46  Assimilator  
  21  1:52  Probe  
  22  1:57  Pylon  
  22  2:04  Probe  
  23  2:13  Adept (Chrono Boost)  
  25  2:16  Probe  
  25  2:20  Stargate  
  26  2:29  Warp Gate  
  27  2:30  Probe (Chrono Boost)  
  27  2:32  Adept (Chrono Boost)  
  29  2:38  Probe (Chrono Boost)  
  31  2:46  Probe (Chrono Boost)  
  31  2:47  Probe (Chrono Boost)  
  31  2:50  Adept (Chrono Boost)  
  32  2:53  Probe  
  32  2:56  Probe  
  36  3:05  Phoenix (Chrono Boost)  
  38  3:07  Probe  
  38  3:08  Probe  
  40  3:16  Pylon  
  40  3:19  Probe  
  41  3:20  Probe  
  42  3:29  Phoenix (Chrono Boost)  
  42  3:31  Probe  
  45  3:35  Probe  
  45  3:39  Gateway  
  46  3:43  Probe  
  46  3:45  Phoenix  
  46  3:47  Probe  
  50  3:50  Pylon  
  51  3:55  Probe  
  51  3:59  Probe  
  52  4:07  Probe  
  52  4:08  Nexus  
  53  4:14  Phoenix  
  53  4:15  Probe  
  56  4:19  Probe  
  56  4:22  Assimilator  
  57  4:26  Assimilator  
  57  4:28  Probe  
  58  4:34  Robotics Facility  
  58  4:35  Probe  
  59  4:40  Probe  
  59  4:41  Pylon  
  60  4:47  Forge  
  60  4:48  Probe  
  61  4:57  Pylon  
  61  4:58  Gateway  
  61  5:00  Sentry, Shield Battery, Gateway  
  61  5:01  Sentry  
  65  5:12  Gateway  
  65  5:14  Gateway  
  65  5:18  Twilight Council  
  65  5:21  Immortal (Chrono Boost)  
  72  5:40  Zealot x2, Shield Battery  
  72  5:42  Shield Battery  
  73  5:44  Pylon  
  73  5:48  Pylon  
  70  5:57  Immortal (Chrono Boost)  
  59  6:04  Zealot x2  
  57  6:14  Zealot x2  
  50  6:29  Zealot  
  50  6:32  Immortal (Chrono Boost)  
  48  6:35  Zealot  
  54  6:42  Sentry x2  
Show
View Real Time Build Order
Export as new Build Order

Rogue Zerg - Winner!

Build Orders: Hatch First 

Get SALT Encoding   

  12  0:00  Drone  
  13  0:13  Overlord  
  13  0:16  Drone  
  14  0:31  Drone x2  
  16  0:48  Hatchery  
  15  0:51  Drone  
  15  0:54  Drone  
  17  0:58  Drone  
  18  1:08  Extractor  
  17  1:15  Spawning Pool  
  17  1:17  Drone  
  17  1:20  Drone  
  18  1:29  Drone  
  19  1:40  Drone  
  20  1:50  Overlord  
  20  2:02  Queen x2  
  20  2:03  Zergling x4  
  26  2:09  Metabolic Boost  
  26  2:11  Drone  
  26  2:13  Drone  
  29  2:22  Drone  
  29  2:23  Drone  
  30  2:32  Drone  
  30  2:34  Drone  
  32  2:43  Hatchery  
  31  2:49  Drone, Overlord  
  32  2:54  Zergling x4  
  34  3:07  Drone x2  
  34  3:10  Drone x2  
  34  3:11  Drone  
  39  3:13  Drone x3  
  39  3:18  Overlord  
  42  3:21  Drone  
  43  3:29  Drone  
  43  3:30  Spore Crawler  
  43  3:32  Spore Crawler  
  43  3:33  Drone  
  43  3:39  Queen, Overlord  
  45  3:45  Drone  
  45  3:47  Lair  
  46  3:51  Zergling x2  
  46  3:52  Zergling x2  
  46  3:53  Drone x2  
  50  3:57  Queen  
  50  3:59  Drone  
  50  4:01  Drone  
  54  4:06  Extractor x2  
  54  4:07  Drone  
  54  4:09  Drone  
  54  4:13  Spore Crawler  
  54  4:14  Drone x2  
  54  4:15  Drone x2  
  57  4:28  Overlord  
  57  4:34  Queen, Roach Warren  
  57  4:37  Overlord  
  58  4:47  Queen  
  58  4:49  Nydus Network  
  59  4:53  Queen  
  59  4:59  Overlord  
  60  5:06  Overlord  
  64  5:14  Roach x7  
  64  5:17  Overlord x2  
  74  5:24  Roach x2  
  74  5:28  Roach  
  80  5:34  Roach  
  80  5:35  Nydus Canal  
  82  5:36  Roach  
  82  5:37  Roach  
  82  5:38  Roach  
  82  5:42  Roach  
  89  5:43  Roach  
  89  5:46  Roach  
  92  5:50  Roach  
  92  5:55  Roach  
  96  5:59  Nydus Canal  
  96  6:03  Roach x2  
  98  6:07  Roach  
  98  6:09  Roach  
  96  6:13  Roach  
  96  6:15  Roach  
  92  6:19  Roach  
  92  6:21  Roach  
  92  6:22  Queen  
  92  6:24  Roach  
  92  6:28  Roach  
  92  6:31  Roach  
  92  6:32  Zergling x4  
  90  6:34  Zergling x2  
  89  6:44  Roach x3  
  89  6:47  Queen  
  93  6:53  Nydus Canal  
  95  6:55  Roach  
  95  6:59  Roach, Zergling x2  
  96  7:03  Roach  
  96  7:07  Roach x2  
  96  7:11  Zergling x2  

Tags
 
Add a new tag
Caveats
  • Supply blocks, unpowered buildings, or Contaminate may cause inaccurate times.
  • Supply counts are checked every 10 seconds.